Map: Proxima Station LE

Players

Groovyman

  • Race: Zerg Zerg
  • League: Master
  • Spawn Location: 7:00

Jolley

  • Race: Zerg Zerg
  • League: Gold
  • Spawn Location: 1:00

Mork

  • Race: Zerg Zerg
  • League: Master

ApostleO

  • Race: Zerg Zerg

VOD

Have the link to the VOD?

Description

Cheesed

Time

  • Played on: July 9, 2017, 3:47 p.m.
  • Length: 3:55
Show
View Real Time Build Order
Export as new Build Order

Groovyman Zerg 

Build Orders: Pool Only, Zergling Baneling 

Get SALT Encoding   

  12  0:00  Drone  
  13  0:14  Extractor  
  12  0:24  Spawning Pool  
  11  0:29  Drone  
  11  0:33  Drone  
  13  0:41  Drone  
  14  0:50  Overlord  
  14  1:11  Zergling x4  
  14  1:12  Zergling x2  
  14  1:16  Metabolic Boost  
  17  1:24  Zergling x2  
  18  1:32  Queen  
  20  1:36  Zergling x2  
  21  1:46  Baneling Nest  
  20  1:51  Zergling x2  
  21  2:00  Overlord  
  21  2:06  Zergling x2  
  21  2:19  Zergling x2  
  22  2:31  Zergling x2, Baneling  
  22  2:32  Baneling x3  
  23  2:38  Zergling x2  
  23  2:41  Zergling x2  
  25  2:45  Zergling x2  
  25  2:49  Zergling x2  
  23  2:59  Zergling x2  
  23  3:04  Zergling x2  
  25  3:07  Baneling  
  25  3:16  Zergling x4  
  25  3:18  Zergling x2  
  27  3:21  Baneling  
  27  3:24  Baneling  
  27  3:26  Baneling  
  27  3:29  Baneling  
  27  3:31  Baneling  
  27  3:37  Baneling x2  
Show
View Real Time Build Order
Export as new Build Order

Jolley Zerg 

Build Orders: Pool First 

Get SALT Encoding   

  12  0:01  Drone  
  13  0:09  Drone  
  14  0:20  Extractor, Drone  
  14  0:25  Overlord  
  15  0:40  Spawning Pool  
  14  0:43  Drone  
  14  0:47  Drone  
  16  0:50  Drone  
  17  0:58  Extractor  
  16  1:06  Drone x2  
  18  1:27  Zergling x2  
  18  1:28  Zergling x2  
  18  1:30  Queen  
  22  1:41  Hatchery  
  22  1:46  Overlord  
  21  2:05  Metabolic Boost  
  19  2:09  Drone x2  
  21  2:17  Zergling x2, Spine Crawler  
  21  2:27  Zergling x2  
  22  2:35  Zergling x2  
  23  2:42  Zergling x6  
  13  3:00  Drone x2  
  14  3:05  Drone  
  14  3:06  Drone  
  16  3:14  Zergling x4  
  16  3:15  Zergling x4  
  16  3:16  Zergling x2  
  17  3:30  Spine Crawler  
Show
View Real Time Build Order
Export as new Build Order

Mork Zerg 

Build Orders:  

Get SALT Encoding   

Show
View Real Time Build Order
Export as new Build Order

ApostleO Zerg 

Build Orders:  

Get SALT Encoding   

Tags
 
Add a new tag
Caveats
  • Supply blocks, unpowered buildings, or Contaminate may cause inaccurate times.
  • Supply counts are checked every 10 seconds.